 Dungeon Crawl Stone Soup version 0.17.1-3-g152610e (webtiles) character file.

5643 Magnus the Grappler (level 10, 87/87 (91) HPs)
             Began as a Ghoul Monk on Mar 29, 2016.
             Was an Elder of Cheibriados.
             Quit the game on level 10 of the Dungeon.
             The game lasted 00:27:07 (8607 turns).

Magnus the Grappler (Ghoul Monk)                    Turns: 8607, Time: 00:27:07

HP:   87/87 (91)    AC: 11    Str: 28    XL:     10   Next: 74%
MP:   9/9           EV: 15    Int: 14    God:    Cheibriados [****..]
Gold: 466           SH: 11    Dex: 24    Spells: 0 memorised, 9 levels left

rFire  . . .     SeeInvis .       - Unarmed
rCold  + . .     Clarity  .     y - +0 scale mail
rNeg   + + +     SustAt   .     I - +2 shield
rPois  ∞         Gourm    .     j - +0 helmet
rElec  .         Spirit   .     A - +0 cloak
rCorr  .         Warding  .     B - +0 pair of gloves of Hangman {Dex+4}
rMut   .         Stasis   .     (no boots)
MR     .....                    (no amulet)
Stlth  +.........               (no ring)
                                (no ring)

@: rotting, very slow, not resistant to hostile enchantments, very unstealthy
A: rotting body, claws 1, carnivore 3, cold resistance 1, negative energy
resistance 3, slow regeneration 1, torment resistance, unbreathing
a: Bend Time, Temporal Distortion, Slouch, Renounce Religion


You were on level 10 of the Dungeon.
You worshipped Cheibriados.
Cheibriados was greatly pleased with you.
You were not hungry.

You visited 2 branches of the dungeon, and saw 11 of its levels.

You collected 466 gold pieces.

Inventory:

Armour
 a - a +0 robe
 j - a +0 helmet (worn)
 r - a +0 ring mail
 y - a +0 scale mail (worn)
 A - a +0 cloak (worn)
 B - the +0 pair of gloves of Hangman (worn) {Dex+4}
   (You found it on level 7 of the Dungeon)

   It affects your dexterity (+4).
 C - a +1 pair of gloves
 I - a +2 shield (worn)
 O - a +2 robe of positive energy
Jewellery
 P - an uncursed ring of protection from magic {unknown}
Wands
 F - a wand of enslavement (7)
 K - a wand of fireball (11)
Scrolls
 d - a scroll of enchant weapon
 e - 3 scrolls of teleportation
 h - 2 scrolls of remove curse
 i - a scroll of magic mapping
 k - 3 scrolls of recharging
 n - 2 scrolls of immolation
 o - 12 scrolls of identify
 t - a scroll of fear
 x - 2 scrolls of amnesia
 H - a scroll of enchant armour
Potions
 c - 4 potions of brilliance {unknown}
 f - 4 potions of might {unknown}
 g - 3 potions of flight {unknown}
 m - a potion of cure mutation {unknown}
 p - a potion of cancellation {unknown}
 q - 2 potions of curing {unknown}
 s - a potion of heal wounds {unknown}
 z - 3 potions of poison {unknown}
 D - 2 potions of invisibility {unknown}
 E - a potion of ambrosia {unknown}
 G - a potion of degeneration {unknown}
 J - a potion of agility {unknown}
 L - a potion of lignification {unknown}
Books
 u - a book of Burglary

   Spells                             Type                      Level
   a - Swiftness                      Charms/Air                   2
   b - Passwall                       Transmutation/Earth          3
   c - Passage of Golubria            Translocation                4
   d - Lee's Rapid Deconstruction     Earth                        5
   e - Darkness                       Hexes                        6
   f - Invisibility                   Hexes                        6
 v - a book of the Warp

   Spells                             Type                      Level
   a - Recall                         Summoning/Translocation      3
   b - Gell's Gravitas                Hexes/Translocation          3
   c - Force Lance                    Conjuration/Translocation    4
   d - Phase Shift                    Translocation                5
   e - Warp Weapon                    Charms/Translocation         5
   f - Summon Forest                  Summoning/Translocation      5
 M - a Fen Folio

   Spells                             Type                      Level
   a - Corpse Rot                     Necromancy                   2
   b - Stone Arrow                    Conjuration/Earth            3
   c - Leda's Liquefaction            Hexes/Earth                  4
   d - Summon Forest                  Summoning/Translocation      5
   e - Hydra Form                     Transmutation                6
   f - Summon Hydra                   Summoning                    7
Comestibles
 b - 3 meat rations
 l - 3 beef jerkies
 w - a royal jelly


   Skills:
 + Level 9.4 Fighting
 + Level 6.8 Armour
 + Level 7.6 Dodging
 - Level 2.1 Stealth
 + Level 10.0 Unarmed Combat


You had 9 spell levels left.
You didn't know any spells.

Dungeon Overview and Level Annotations

Branches:
Dungeon (10/15)            Temple (1/1) D:7
   Lair: D:8-11         Orc: D:9-12

Altars:
Ashenzari
Cheibriados
Dithmenos
Elyvilon
Fedhas
Gozag
Kikubaaqudgha
Makhleb
Nemelex Xobeh
Okawaru
Qazlal
Ru
Sif Muna
Trog
Vehumet
Xom
Yredelemnul
Zin
The Shining One

Shops:
D:8 (   D:9 [


Innate Abilities, Weirdness & Mutations

Your body is rotting away.
You thrive on raw meat.
You are immune to poison.
You have sharp fingernails.
You are carnivorous and can eat meat at any time.
Your flesh is cold resistant.
You are immune to negative energy.
You regenerate slowly when monsters are visible.
You are immune to unholy pain and torment.
You can survive without breathing.


Message History

You climb downwards.
Found 19 gold pieces.
There is a stone staircase leading up here.
Okay, then.
Quiver which item? (- for none, * to show all) (? for menu, Esc to quit)
Okay, then.
Quiver which item? (- for none, * to show all) (? for menu, Esc to quit)
Okay, then.
Unknown command.
Unknown command.
Quiver which item? (- for none, * to show all) (? for menu, Esc to quit)
Okay, then.
Wield which item (- for none, * to show all)? (? for menu, Esc to quit)
Okay, then.
Drink which item? (? for menu, Esc to quit)
Okay, then.
Unknown command.
Unknown command.
Unknown command.
Are you sure you want to abandon this character and quit the game? (Confirm with "yes".)

#....
#... #...
#$. #..
#.# .
#.###....
#@.......
#........
##.#...##
.. ....
.## ###
.# .. ##


There were no monsters in sight!

Vanquished Creatures
  Pikel (D:9)
  The ghost of Jerry the Conjurer, a novice DrAE (D:6)
  Grinder (D:5)
  A wyvern (D:8)
  2 hungry ghosts
  3 hippogriffs
  Menkaure (D:7)
  A water moccasin (D:8)
  4 sky beasts
  A slave (D:9)
  4 ogres
  2 ice beasts
  2 phantoms
  4 centaurs
  5 giant frogs
  2 scorpions
  A gnoll sergeant (D:6)
  2 big kobolds
  2 jellies
  3 wights (D:8)
  A crimson imp (D:9)
  2 centaur zombies
  7 hounds
  A centaur skeleton (D:8)
  A giant frog skeleton (D:6)
  Ijyb (D:3)
  8 worker ants
  A gnoll shaman (D:6)
  2 iguanas (D:6)
  A worker ant zombie (D:9)
  46 gnolls (D:6)
  13 adders
  A shadow imp (D:8)
  4 giant geckos
  3 orcs
  8 giant cockroaches
  13 hobgoblins
  28 jackals
  12 kobolds
  5 quokkas
  A ball python (D:2)
  6 bats
  A giant gecko skeleton (D:8)
  9 giant newts
  13 goblins
  A quokka skeleton (D:5)
  9 rats
241 creatures vanquished.

Vanquished Creatures (others)
  A deep elf mage (D:9)
  A crimson imp (D:9)
  A hound (D:9)
3 creatures vanquished.

Grand Total: 244 creatures vanquished

Notes
Turn   | Place    | Note
--------------------------------------------------------------
     0 | D:1      | Magnus the Ghoul Monk began the quest for the Orb.
     0 | D:1      | Reached XP level 1. HP: 19/19 MP: 0/0
    77 | D:1      | Reached XP level 2. HP: 19/26 MP: 1/1
   480 | D:1      | Reached skill level 5 in Unarmed Combat
   498 | D:1      | Reached XP level 3. HP: 33/33 MP: 2/2
  1218 | D:2      | Reached XP level 4. HP: 34/41 MP: 3/3
  1700 | D:3      | Found an iron altar of Okawaru.
  1917 | D:3      | Found a burning altar of Makhleb.
  1918 | D:3      | Found a shattered altar of Ashenzari.
  2185 | D:3      | Noticed Ijyb
  2224 | D:3      | Killed Ijyb
  2224 | D:3      | Reached XP level 5. HP: 46/46 MP: 4/4
  2422 | D:4      | Reached skill level 1 in Armour
  2599 | D:4      | Reached skill level 5 in Fighting
  2769 | D:4      | Reached XP level 6. HP: 53/55 MP: 5/5
  2886 | D:4      | Found a shimmering altar of Xom.
  3231 | D:4      | Reached skill level 6 in Unarmed Combat
  3288 | D:5      | Entered Level 5 of the Dungeon
  3312 | D:5      | Noticed Grinder
  3322 | D:5      | Killed Grinder
  3322 | D:5      | Reached XP level 7. HP: 52/60 MP: 6/6
  3731 | D:5      | Found a sacrificial altar of Ru.
  3956 | D:5      | Reached XP level 8. HP: 69/69 MP: 7/7
  4162 | D:6      | Noticed Jerry's ghost (novice DrAE)
  4185 | D:6      | Reached skill level 7 in Unarmed Combat
  4247 | D:6      | Killed Jerry's ghost
  4247 | D:6      | Reached skill level 5 in Dodging
  4977 | D:6      | Reached XP level 9. HP: 75/78 MP: 8/8
  4990 | D:6      | Reached skill level 8 in Unarmed Combat
  6079 | D:7      | Found a burning altar of Makhleb.
  6080 | D:7      | Noticed a phantom
  6106 | D:7      | Killed a phantom
  6135 | D:7      | Found a radiant altar of Vehumet.
  6156 | D:7      | Reached skill level 5 in Armour
  6182 | D:7      | Found a stormy altar of Qazlal.
  6325 | D:7      | Noticed Menkaure
  6337 | D:7      | Killed Menkaure
  6593 | D:7      | Found a staircase to the Ecumenical Temple.
  6607 | Temple   | Entered the Ecumenical Temple
  6719 | Temple   | Became a worshipper of Cheibriados the Contemplative
  6719 | Temple   | Reached * piety under Cheibriados
  6719 | Temple   | Reached ** piety under Cheibriados
  6801 | D:7      | Reached skill level 9 in Unarmed Combat
  6982 | D:7      | Got a pair of jewelled gloves
  6993 | D:7      | Identified the cursed +0 pair of gloves of Hangman {Dex+4} (You found it on level 7 of the Dungeon)
  7062 | D:8      | Reached XP level 10. HP: 85/90 MP: 9/9
  7407 | D:8      | Found Wiomp's Weapon Shoppe.
  7458 | D:8      | Reached *** piety under Cheibriados
  8158 | D:9      | Noticed Pikel
  8180 | D:9      | Killed Pikel
  8240 | D:9      | Reached skill level 10 in Unarmed Combat
  8333 | D:9      | Reached **** piety under Cheibriados
  8522 | D:9      | Found Novemm's Armour Boutique.
  8606 | D:10     | Entered Level 10 of the Dungeon
  8607 | D:10     | Quit the game

Action                   |  1- 3 |  4- 6 |  7- 9 | 10-12 || total
-------------------------+-------+-------+-------+-------++-------
Melee: Unarmed           |   137 |   176 |   586 |   224 ||  1123
  Use: Scroll            |       |       |    14 |       ||    14
 Stab: Sleeping          |     3 |     3 |       |       ||     6
  Eat: Chunk             |    11 |     7 |    41 |     4 ||    63
